 Seeded DCSS version 0.30-a0-1043-g60ff8d5f49 (webtiles) character file.

Game seed: 11933723639459053997 (custom seed)

29099 bmack86 the Cleaver (level 13, -8/116 HPs)
             Began as a Minotaur Fighter on Apr 9, 2023.
             Was a High Priest of Okawaru.
             Shot with a bolt by a yaktaur (19 damage)
             ... on level 14 of the Dungeon.
             The game lasted 00:33:59 (14118 turns).

bmack86 the Cleaver (Minotaur Fighter)             Turns: 14118, Time: 00:34:00

Health: -8/116     AC: 28    Str: 26    XL:     13   Next: 13%
Magic:  17/17      EV:  6    Int:  5    God:    Okawaru [*****.]
Gold:   792        SH: 11    Dex: 12    Spells: 12/12 levels left

rFire   + + .      SeeInvis .    a - +1 war axe (elec)
rCold   . . .      Faith    .    M - +0 kite shield
rNeg    . . .      Spirit   .    z - +5 plate armour {rF+}
rPois   +          Reflect  .    D - +2 hat {Will+}
rElec   .          Rampage  .    u - +2 cloak {rPois}
rCorr   .                        K - +1 pair of gloves of Mydghyh {Dex+2}
Will    +....                    (no boots) Stlth
                                 (no amulet)
HPRegen 0.39/turn                E - ring of protection from fire
MPRegen 0.15/turn                y - ring of poison resistance

@: studying 2 skills
A: horns 2, retaliatory headbutt
a: Renounce Religion, Heroism, Finesse, Duel


You were on level 14 of the Dungeon.
You worshipped Okawaru.
Okawaru was extremely pleased with you.
You visited 2 branches of the dungeon, and saw 15 of its levels.

You collected 1075 gold pieces.
You spent 283 gold pieces at shops.

Inventory:

Hand Weapons
 a - a +1 war axe of electrocution (weapon)
 n - a +1 broad axe
 L - a +0 broad axe
Missiles
 f - 6 boomerangs
 h - 43 poisoned darts
 A - 4 curare-tipped darts (quivered)
 J - a silver boomerang
 O - 3 javelins
Armour
 c - a +0 buckler
 u - a +2 cloak of poison resistance (worn)
 w - a +1 chain mail of cold resistance
 z - a +5 plate armour of fire resistance (worn)
 C - the +0 chain mail of the Equator {Harm rCorr Str+2}
   (You found it on level 6 of the Dungeon)

   Str:       It affects your strength (+2).
   rCorr:     It protects you from acid and corrosion.
   Harm:      It increases damage dealt and taken.
 D - a +2 hat of willpower (worn)
 K - the +1 pair of gloves of Mydghyh (worn) {Dex+2}
   (Okawaru gifted it to you on level 13 of the Dungeon)

   Dex:       It affects your dexterity (+2).
 M - a +0 kite shield (worn)
Jewellery
 y - a ring of poison resistance (right hand)
 E - a ring of protection from fire (left hand)
 H - a ring of wizardry
 Q - a ring of fire
Wands
 e - a wand of light (7)
 v - a wand of flame (19)
 B - a wand of iceblast (14)
 I - a wand of polymorph (3)
Scrolls
 j - 6 scrolls of vulnerability
 r - a scroll of magic mapping
 t - 4 scrolls of teleportation
 x - 2 scrolls of silence
 F - a scroll of fog
 G - 2 scrolls of identify
Potions
 b - 2 potions of resistance
 d - 2 potions of ambrosia
 g - 5 potions of curing
 i - 3 potions of heal wounds
 k - 3 potions of berserk rage
 l - 7 potions of attraction
 m - 2 potions of magic
 o - 2 potions of lignification
 p - 2 potions of flight
 q - 9 potions of brilliance
 s - 4 potions of haste
 N - 2 potions of mutation


   Skills:
 + Level 11.2 Fighting
 * Level 14.7 Axes
 + Level 8.7 Throwing
 + Level 11.1 Armour
 + Level 11.1 Shields
 + Level 7.5 Invocations


You had 12 spell levels left.
You didn't know any spells.
Your spell library contained the following spells:

 Spells                   Type           Power      Damage    Failure   Level
 Apportation              Tloc           0%         N/A       100%        1
 Necrotise                Necr           0%         1d4       100%        1
 Sandblast                Erth           0%         2d4       100%        1
 Ensorcelled Hibernation  Hex/Ice        0%         N/A       100%        2
 Passwall                 Tmut/Erth      0%         N/A       100%        2
 Stone Arrow              Conj/Erth      0%         3d7       100%        3
 Swiftness                Air            0%         N/A       100%        3
 Blade Hands              Tmut           0%         N/A       100%        5
 Iron Shot                Conj/Erth      0%         9d1       100%        6
 Orb of Destruction       Conj           0%         9d5       100%        7
 Lehudib's Crystal Spear  Conj/Erth      0%         10d2      100%        8
 Summon Small Mammal      Summ           Unusable   N/A       N/A         1
 Summon Guardian Golem    Hex/Summ       Unusable   N/A       N/A         3
 Animate Armour           Summ/Erth      Unusable   N/A       N/A         4
 Spellforged Servitor     Conj/Summ      Unusable   N/A       N/A         7

Dungeon Overview and Level Annotations

Branches:
Dungeon (14/15)            Temple (1/1) D:6            Lair (0/5) D:10
    Orc (0/2) D:9
 Vaults: D:13-14

Altars:
Ashenzari
Cheibriados
Dithmenos
Elyvilon
Fedhas
Gozag
Hepliaklqana
Kikubaaqudgha
Makhleb
Nemelex Xobeh
Okawaru
Qazlal
Ru
Sif Muna
Trog
Uskayaw
Vehumet
Wu Jian
Xom
Yredelemnul
Zin
The Shining One

Shops:
D:3 (:[   D:10 !   D:13 ?

Annotations:
D:5 1 transporter


Innate Abilities, Weirdness & Mutations

You have a pair of horns on your head.
You reflexively headbutt those who attack you in melee.


Message History

* * * LOW HITPOINT WARNING * * *
You block the centaur warrior's attack.
The centaur shoots an arrow.
You block the arrow.
The yaktaur shoots a bolt.
You block the bolt.
The centaur warrior hits you but does no damage.
The centaur warrior barely misses you.
The centaur hits you but does no damage.
The centaur kicks you but does no damage.
The centaur unwields a +0 shortbow.
You block the centaur's attack.
The centaur kicks you but does no damage.
You block the centaur warrior's attack. The centaur warrior barely misses you.
The centaur closely misses you. You furiously retaliate!
You headbutt the centaur! You block the centaur's attack.
The yaktaur shoots a bolt.
The bolt hits you!
* * * LOW HITPOINT WARNING * * *
You barely miss the centaur. You headbutt the centaur!
The centaur is heavily wounded.
You hit the centaur warrior. You slice the centaur!!
Lightning courses through the centaur!
You kill the centaur!
Okawaru accepts your kill. Okawaru grants you armour!
Something appears at your feet!
You see here the +0 pair of boots of the Worm {rC- Will+++ MP+9 Dex-3}.
The centaur hits you but does no damage.
The centaur kicks you but does no damage.
The centaur warrior hits you.
* * * LOW HITPOINT WARNING * * *
The centaur warrior kicks you but does no damage.
The centaur closely misses you. You block the centaur's attack.
Blink to where?
Press: ? - help, Dir - move target
As you read the scroll of blinking, it crumbles to dust.
The centaur warrior wields a +0 shortbow.
The centaur warrior shoots an arrow.
The arrow hits you but does no damage.
The yaktaur wields a +0 arbalest.
The yaktaur shoots a bolt.
The bolt hits you.
* * * LOW HITPOINT WARNING * * *
The yaktaur wields a +0 arbalest.
The yaktaur shoots a bolt.
The bolt hits you!!
You die...

# .##..##. # #### #.
#.#..#$# .#
#..##.#..#)##..# #
#...)..))).# #
########c#..#.####### #
#.[.......))c.......# #
#...(................####
..#######.#.c#.#####.....
#.@......c. #.+...
#..##.#..#.##..###... #.
#.#..#.# .# #... #
.##..##. # #... .. #..#
.. #### # #


You could see a centaur warrior and 3 yaktaurs.

Vanquished Creatures
  Gastronok (D:9)
  2 centaur warriors
  2 boulder beetles
  8 two-headed ogres
  A tengu warrior (D:13)
  A wizard (D:14)
  4 deep elf pyromancers
  A deep elf zephyrmancer (D:13)
  6 ugly things
  3 cyclopes
  The ghost of BlueFish the Stinger, a novice OpVM of Cheibriados (D:5)
  Maggie (D:9)
  A gargoyle (D:10)
  A komodo dragon (D:11)
  A kobold demonologist (D:10)
  A rime drake (D:10)
  3 trolls
  6 meliai
  A wolf spider simulacrum (D:13)
  A slime creature (D:7)
  2 vampires
  A wyvern (D:9)
  Eustachio (D:6)
  13 yaks
  A steam dragon (D:9)
  A basilisk (D:13)
  Grum (D:9)
  6 vampire mosquitoes
  4 acid dragons
  A sky beast (D:7)
  6 ice beasts
  4 orc warriors
  2 black bears
  A boggart (D:14)
  4 ogres
  5 wolves
  18 centaurs
  A phantom (D:6)
  7 kobold brigands
  2 bullfrogs
  A scorpion (D:5)
  5 wights
  10 killer bees
  4 howler monkeys
  2 jellies (D:5)
  5 hounds
  4 orc priests
  A gnoll bouda (D:4)
  Crazy Yiuf (D:3)
  7 iguanas
  2 sleepcaps (D:6)
  11 orc wizards
  3 gnolls (D:4)
  9 adders
  4 shadow imps
  2 white imps (D:5)
  An ufetubus (D:5)
  A worm (D:4)
  A dart slug (D:1)
  29 orcs
  12 ball pythons
  6 bats
  8 endoplasms
  5 giant cockroaches
  6 hobgoblins
  3 jackals (D:1)
  34 kobolds
  7 quokkas
  3 frilled lizards
  10 goblins
  8 rats
332 creatures vanquished.

Vanquished Creatures (others)
  An ogre mage (D:14)
1 creature vanquished.

Grand Total: 333 creatures vanquished

Notes
Turn   | Place    | Note
-------+----------+-------------------------------------------
     0 | D:1      | bmack86 the Minotaur Fighter began the quest for the Orb.
     0 | D:1      | Reached XP level 1. HP: 19/19 MP: 0/0
   113 | D:1      | Reached XP level 2. HP: 24/27 MP: 1/1
   124 | D:1      | Reached skill level 3 in Axes
   441 | D:1      | Reached XP level 3. HP: 29/33 MP: 2/2
  1090 | D:2      | Reached XP level 4. HP: 40/40 MP: 3/3
  1307 | D:2      | Reached skill level 1 in Throwing
  1517 | D:3      | Found Syufukh's Antique Armour Emporium.
  1529 | D:3      | Found a hazy altar of Hepliaklqana.
  1542 | D:3      | Reached skill level 4 in Axes
  1592 | D:3      | Found a transporter.
  1597 | D:3      | Found a transporter.
  1624 | D:3      | Found Vini's Book Boutique.
  1743 | D:3      | Found Ysynua's Weapon Emporium.
  2061 | D:3      | Found an ornate altar of the Wu Jian Council.
  2185 | D:3      | Found a runed translucent door.
  2186 | D:3      | Noticed Crazy Yiuf
  2191 | D:3      | Killed Crazy Yiuf
  2192 | D:3      | Reached XP level 5. HP: 46/47 MP: 4/4
  2308 | D:3      | HP: 2/47 [orc priest/divine providence (16)]
  2407 | D:3      | Bought a shiny chain mail for 157 gold pieces
  2471 | D:4      | Found a sacrificial altar of Ru.
  2658 | D:4      | Reached XP level 6. HP: 53/53 MP: 5/5
  2852 | D:4      | Reached skill level 5 in Axes
  2916 | D:4      | Found a sacrificial altar of Ru.
  3244 | D:5      | Entered Level 5 of the Dungeon
  3265 | D:5      | Identified the +0 leather armour "Rinakh" {rElec Dex+2}
  3318 | D:5      | Found a transporter.
  3319 | D:5      | Found a transporter.
  3319 | D:5      | Noticed BlueFish's ghost (novice OpVM)
  3402 | D:5      | Found a hide-covered altar of Uskayaw.
  3460 | D:5      | Reached skill level 5 in Armour
  3484 | D:5      | Reached skill level 5 in Fighting
  3536 | D:5      | Noticed an ice beast
  3537 | D:5      | Reached skill level 5 in Shields
  3537 | D:5      | Reached XP level 7. HP: 57/61 MP: 6/6
  3543 | D:5      | Reached skill level 6 in Axes
  3749 | D:5      | Reached XP level 8. HP: 48/70 MP: 7/7
  4065 | D:5      | Reached skill level 7 in Axes
  4454 | D:6      | Identified the +0 chain mail of the Equator {Harm rCorr
                  | Str+2}
  4566 | D:6      | Noticed Eustachio
  4584 | D:6      | Killed Eustachio
  4779 | D:6      | Reached skill level 8 in Axes
  4826 | D:6      | Found a staircase to the Ecumenical Temple.
  4836 | Temple   | Entered the Ecumenical Temple
  5002 | D:6      | Found an iron altar of Okawaru.
  5010 | D:6      | Became a worshipper of Warmaster Okawaru
  5163 | D:6      | Noticed a cyclops
  5177 | D:6      | Killed a cyclops
  5177 | D:6      | Reached * piety under Okawaru
  5178 | D:6      | Reached skill level 1 in Invocations
  5178 | D:6      | Reached XP level 9. HP: 11/78 MP: 7/9
  5714 | D:5      | Reached skill level 9 in Axes
  5729 | D:5      | Killed BlueFish's ghost
  5729 | D:5      | Reached ** piety under Okawaru
  5845 | D:7      | Found a glowing golden altar of the Shining One.
  5919 | D:7      | Reached skill level 5 in Throwing
  6113 | D:7      | Reached *** piety under Okawaru
  6293 | D:7      | Noticed a two-headed ogre
  6301 | D:7      | Killed a two-headed ogre
  6302 | D:7      | Reached skill level 10 in Axes
  6302 | D:7      | Reached XP level 10. HP: 88/88 MP: 11/11
  6344 | D:7      | Found a sparkling altar of Nemelex Xobeh.
  6456 | D:7      | Found Zoixtas's Armour Emporium.
  6504 | D:7      | Found a glowing silver altar of Zin.
  7012 | D:8      | Found a broken altar of Ashenzari.
  7328 | D:8      | Found an ancient bone altar of Kikubaaqudgha.
  7384 | D:9      | Found a shimmering blue altar of Sif Muna.
  7408 | D:9      | Noticed Gastronok
  7439 | D:9      | Killed Gastronok
  7439 | D:9      | Reached **** piety under Okawaru
  7647 | D:9      | Noticed Grum
  7655 | D:9      | Reached skill level 11 in Axes
  7658 | D:9      | Killed Grum
  7886 | D:9      | Found an opulent altar of Gozag.
  8046 | D:9      | Noticed Maggie
  8051 | D:9      | Killed Maggie
  8202 | D:9      | Noticed a two-headed ogre
  8214 | D:9      | Killed a two-headed ogre
  8214 | D:9      | Reached ***** piety under Okawaru
  8215 | D:9      | Reached XP level 11. HP: 90/95 MP: 13/13
  8350 | D:9      | Found a staircase to the Orcish Mines.
  8823 | D:10     | Entered Level 10 of the Dungeon
  8887 | D:10     | Found a staircase to the Lair.
  8967 | D:10     | Reached skill level 5 in Invocations
  9325 | D:10     | Reached skill level 12 in Axes
  9387 | D:10     | Received a gift from Okawaru
 10296 | D:10     | Found Rasumes's Distillery.
 10301 | D:10     | Bought a potion of ambrosia for 112 gold pieces
 10301 | D:10     | Bought a potion of degeneration for 14 gold pieces
 10674 | D:11     | Noticed a two-headed ogre
 10683 | D:11     | Killed a two-headed ogre
 11252 | D:12     | Noticed a two-headed ogre
 11258 | D:12     | Killed a two-headed ogre
 11280 | D:12     | Noticed a boulder beetle
 11303 | D:12     | Killed a boulder beetle
 11304 | D:12     | Reached skill level 13 in Axes
 11502 | D:12     | Identified the +6 long sword of Famine {freeze, rPois rCorr
                  | Dex-2}
 11588 | D:12     | Noticed a deep elf pyromancer
 11588 | D:12     | Noticed a deep elf pyromancer
 11605 | D:12     | Killed a deep elf pyromancer
 11606 | D:12     | Reached skill level 10 in Fighting
 11606 | D:12     | Reached XP level 12. HP: 65/106 MP: 15/15
 11610 | D:12     | Reached skill level 10 in Armour
 11610 | D:12     | Reached skill level 10 in Shields
 11801 | D:12     | Noticed a two-headed ogre
 11808 | D:12     | Killed a two-headed ogre
 11808 | D:12     | Received a gift from Okawaru
 12304 | D:12     | Received a gift from Okawaru
 12512 | D:13     | Noticed a tengu warrior
 12522 | D:13     | Killed a tengu warrior
 12528 | D:13     | Identified the +1 pair of gloves of Mydghyh {Dex+2}
                  | (Okawaru gifted it to you on level 13 of the Dungeon)
 12528 | D:13     | Received a gift from Okawaru
 12673 | D:13     | HP: 2/107 [meliai/+0 hand axe (5)]
 13102 | D:13     | Noticed a centaur warrior
 13110 | D:13     | Killed a centaur warrior
 13111 | D:13     | Reached skill level 14 in Axes
 13235 | D:13     | Identified the +5 robe of Impermeability {Will+ Regen+}
 13247 | D:13     | Found Demaets's Magic Scroll Emporium.
 13723 | D:14     | Noticed a centaur warrior
 13734 | D:14     | Killed a centaur warrior
 13873 | D:14     | Noticed a boulder beetle
 13888 | D:14     | Killed a boulder beetle
 14081 | D:14     | Noticed a two-headed ogre
 14084 | D:14     | Noticed a two-headed ogre
 14090 | D:14     | Reached XP level 13. HP: 115/116 MP: 14/17
 14117 | D:14     | Identified the +0 pair of boots of the Worm {rC- Will+++
                  | MP+9 Dex-3} (Okawaru gifted it to you on level 14 of the
                  | Dungeon)
 14117 | D:14     | Received a gift from Okawaru
 14118 | D:14     | Shot with a bolt by a yaktaur

Illustrated notes

Levels and vault maps discovered:
D:1:      minmay_arrival_four_houses, layout_basic
D:2:      layout_loops_ring, minmay_increasing_density
D:3:      gammafunk_wand_slinger, layout_basic, lemuel_doored_altar,
          lemuel_round_altar, serial_shops, shop,
          nicolae_shop_temple_entry_statues_fountains, shop,
          uniq_crazy_yiuf_cottage
D:4:      layout_cave_pods, nicolae_ru_great_annihilating_truth,
          kennysheep_small_circle
D:5:      minmay_diamond_boxcup, layout_loops_ring, nicolae_uskayaw_suspiria,
          gammafunk_ghost_arena
D:6:      cheibrodos_thug_alley, layout_basic, kennysheep_okawaru_gauntlet,
          minmay_temple_entry_poolview, minmay_manual_moon, uniq_eustachio
D:7:      layout_basic, nemelex_diamond_rough_becter,
          mainiacjoe_overflow_alcove_2, marbit_many_paths, serial_shops, shop,
          minmay_manual_mail
D:8:      layout_cave_pools, lemuel_round_altar, nicolae_overflow_crystal_walls
D:9:      layout_grid_maze, nicolae_gozag_seed_capital, amcnicky_altar_gilded,
          orc_0_dummy, uniq_maggie, uniq_gastronok, uniq_grum
D:10:     layout_stronghold, hellmonk_lair_entry_icy, serial_shops, shop
D:11:     layout_loops_ring
D:12:     layout_roguey
D:13:     layout_rooms, nicolae_stop_n_shop_1, billiards_dpeg
D:14:     layout_roguey, hangedman_vaults_entry_quadrant_bands,
          kennysheep_small_spiral, nicolae_hexahallways, minivault_25,
          hangedman_incinerator
Temple:   nicolae_temple_ecumenical_triangle

Skill      XL: |  1  2  3  4  5  6  7  8  9 10 11 12 13 |
---------------+----------------------------------------+-----
Axes           | 3 4 5 6 8 10 11 13 14 | 14.7
Armour         | 4 5 6 7 8 9 10 11 | 11.1
Shields        | 4 5 6 7 8 9 11 | 11.1
Fighting       | 4 5 6 7 8 10 11 | 11.2
Throwing       | 1 2 3 4 5 6 7 8 |  8.7
Invocations    | 1 3 4 6 7 |  7.5

Action                     |  1- 3 |  4- 6 |  7- 9 | 10-12 | 13-15 || total
---------------------------+-------+-------+-------+-------+-------++-------
  Melee: War axe           |    90 |    95 |   141 |   462 |    15 ||   803
         Headbutt          |    14 |     9 |    23 |    96 |     5 ||   147
  Throw: Dart              |       |       |     2 |     9 |       ||    11
 Invoke: Heroism           |       |       |     1 |     7 |       ||     8
         Finesse           |       |       |       |     2 |       ||     2
  Evoke: Wand              |       |     2 |    14 |       |       ||    16
    Use: Scroll            |     4 |     3 |    10 |    16 |     1 ||    34
         Potion            |       |     2 |     1 |     5 |       ||     8
   Stab: Invisible         |       |     1 |       |       |       ||     1
         Paralysed         |       |     1 |       |       |       ||     1
 Armour: Scale mail        |    53 |    38 |       |       |       ||    91
         Chain mail        |       |    31 |   151 |   111 |       ||   293
         Plate armour      |       |       |       |   211 |    16 ||   227
  Dodge: Dodged            |    38 |    43 |    91 |   162 |    13 ||   347
  Block: Buckler           |    23 |    26 |    49 |    85 |       ||   183
         Kite shield       |       |       |       |    92 |    21 ||   113

Table legend: (Time is in decaauts)
 A = Elapsed time spent in this place.
 B = Non-inter-level travel time spent in this place.
 C = Inter-level travel time spent in this place.
 D = Time resting spent in this place.
 E = Time spent auto-exploring this place.
 F = Levels seen in this place.
 G = Mean time per level.
                   A        B        C        D        E       F      G
               +--------+--------+--------+--------+--------+-----+--------+
         Total |  14132 |  13640 |    492 |   1097 |   8985 |  15 |  942.1 |
       Dungeon |  14082 |  13590 |    492 |   1097 |   8985 |  14 | 1005.9 |
        Temple |     49 |     49 |      0 |      0 |      0 |   1 |   49.0 |
               +--------+--------+--------+--------+--------+-----+--------+

Top non-repeatable levels by time:
    D:10: 1580 daAuts
     D:9: 1449 daAuts
     D:6: 1379 daAuts
    D:12: 1243 daAuts
     D:5: 1195 daAuts
     D:7: 948 daAuts
     D:3: 932 daAuts
    D:11: 835 daAuts
    D:13: 833 daAuts
     D:1: 830 daAuts
     D:4: 815 daAuts
    D:14: 730 daAuts
     D:2: 725 daAuts
     D:8: 583 daAuts
  Temple: 49 daAuts
